 Dungeon Crawl Stone Soup version 0.23.1-42-g8abd8fc (webtiles) character file.

Game seed: 5208752288034767255

16816 Mrkaede the Archer (level 12, -6/93 HPs)
             Began as a Centaur Hunter on Mar 30, 2019.
             Was a Priest of Hepliaklqana.
             Killed from afar by a raiju (15 damage)
             ... with a living lightning
             ... on level 1 of the Abyss.
             The game lasted 01:13:19 (15093 turns).

Mrkaede the Archer (Centaur Hunter)                Turns: 15093, Time: 01:13:20

Health: -6/93      AC: 16    Str: 16    XL:     12   Next: 13%
Magic:  12/12      EV: 12    Int: 17    God:    Hepliaklqana [***...]
Gold:   679        SH:  0    Dex: 19    Spells: 11/11 levels left

rFire    x . .     SeeInvis .   u - +8 rapier of Qafuzxeg {pierce, rF- Int+7}
rCold    . . .     Gourm    .   (no shield)
rNeg     + + .     Faith    .   L - +1 leather armour of Baqimm {rN+ Dex+3}
rPois    .         Spirit   .   v - +1 helmet
rElec    .         Reflect  .   M - scarf {cloud immunity}
rCorr    .         Harm     .   (no gloves)
MR       .....                  j - +3 centaur barding
Stlth    +.........             K - amulet of Nyqew {+Rage Dex+4}
HPRegen  0.25/turn              r - ring of positive energy
MPRegen  0.13/turn              (no ring)

@: confused, very quick
A: large, reduced essence, hooves 3, clumsy 1, deformed body, speed 2, tough
skin 3, no potion heal 1
a: Recall Ancestor, Ancestor Identity, Transference, Renounce Religion, Evoke
Berserk Rage


You were on level 1 of the Abyss.
You worshipped Hepliaklqana.
Hepliaklqana was most pleased with you.
You were not hungry.

You visited 2 branches of the dungeon, and saw 13 of its levels.
You visited the Abyss 1 time.

You collected 679 gold pieces.

Inventory:

Hand Weapons
 a - a +4 shortbow
 c - the +0 rapier "Haoqeot" {venom, rElec rPois}
   (You found it on level 7 of the Dungeon)

   It poisons the flesh of those it strikes.
   It insulates you from electricity.
   It protects you from poison.
 u - the +8 rapier of Qafuzxeg (weapon) {pierce, rF- Int+7}
   (You found it on level 7 of the Dungeon)

   It inflicts extra damage upon your enemies.
   It affects your intelligence (+7).
   It makes you vulnerable to fire.
 D - a +5 falchion
 Q - a +1 longbow
Missiles
 d - 172 arrows
 e - 29 bolts
 k - 16 tomahawks (quivered)
Armour
 j - a +3 centaur barding (worn)
 m - a +2 scale mail of fire resistance
 v - a +1 helmet (worn)
 J - a +2 leather armour of positive energy
 L - the +1 leather armour of Baqimm (worn) {rN+ Dex+3}
   (You found it on level 5 of the Dungeon)

   It affects your dexterity (+3).
   It protects you from negative energy.
 M - a scarf of cloud immunity (worn)
 S - the +2 ring mail "Dyriqeim" {-Tele rC+ Int+4 Dex-5}
   (You found it on level 10 of the Dungeon)

   It affects your intelligence (+4).
   It affects your dexterity (-5).
   It protects you from cold.
   It prevents most forms of teleportation.
Jewellery
 g - an uncursed amulet of guardian spirit
 r - a ring of positive energy (left hand)
 C - an uncursed amulet of the acrobat
 K - the amulet of Nyqew (around neck) {+Rage Dex+4}
   (You found it on level 8 of the Dungeon)

   [amulet of rage]

   It affects your dexterity (+4).
   It lets you go berserk.
Wands
 t - a wand of iceblast (11)
 x - a wand of paralysis (20)
 y - a wand of digging (6)
 E - a wand of acid (6)
 H - a wand of flame (36)
Scrolls
 b - a scroll of fear
 h - 5 scrolls of amnesia
 o - 3 scrolls of fog
 p - 3 scrolls of immolation
 s - 2 scrolls of magic mapping
 w - 6 scrolls of remove curse
 N - a scroll of blinking
Potions
 i - 3 potions of flight
 q - a potion of resistance
 z - 2 potions of curing
 B - 2 potions of agility
 F - a potion of brilliance
 G - a potion of lignification
 I - 3 potions of invisibility
 P - a potion of ambrosia
Comestibles
 f - 17 rations


   Skills:
 * Level 9.3 Fighting
 + Level 4.9(5.1) Short Blades
 - Level 2.1(3.8) Long Blades
 * Level 12.5 Bows
 + Level 4.6 Armour
 * Level 7.0 Dodging
 * Level 6.4 Stealth


You had 11 spell levels left.
You didn't know any spells.
Your spell library was empty.

Dungeon Overview and Level Annotations

Branches:
Dungeon (12/15)            Temple (1/1) D:5            Lair (0/6) D:8
    Orc (0/2) D:10

Altars:
Ashenzari
Cheibriados
Dithmenos
Elyvilon
Fedhas
Gozag
Hepliaklqana
Kikubaaqudgha
Makhleb
Nemelex Xobeh
Okawaru
Qazlal
Ru
Sif Muna
Trog
Uskayaw
Vehumet
Wu Jian
Xom
Yredelemnul
Zin
The Shining One

Shops:
D:10 %

Annotations:
D:12 Sonja


Innate Abilities, Weirdness & Mutations

You have hooves in place of feet.
Armour fits poorly on your strangely shaped body.
You cover ground very quickly.
You have extremely tough skin. (AC +3)
Your life essence is reduced to manifest your ancestor. (-10% HP)
You are clumsy. (Dex -2)
Potions are less effective at restoring your health.


Message History

The golden eye blinks at you.
You are more confused.
Unknown command.
You bump into the rock wall.
The golden eye blinks!
The raiju bursts into living lightning!
The living lightning hits you!
* * * LOW HITPOINT WARNING * * *
The raiju blinks!
The golden eye blinks at you.
You are more confused.
Necuametl hits the golden eye with a +0 flail!
The golden eye dies!
Okay, then.
Your system partially rejects the healing.
You feel better. The golden eye blinks at you.
You are confused.
The raiju bursts into living lightning!
The living lightning misses Necuametl.
The living lightning hits you!
You die...

#.#. .. #.... .
. #
#..##.###......h
. # #. #.
...#...... ..
##(
3###...#.....(..
#...#.##.#......
.
.##.G#..h#.....
. .
..#...#....#..#
.. # ...
#....#...R..# #
.. .
..#.##ยง@..# ..
# #.#. ##.##..#
. ... ..### .#
#.#...###... .#
##... ... # #. #
.#. ..# #. #. ##
x. .


You could see the friendly Necuametl the knight, a raiju and a golden eye.

Vanquished Creatures
  Fannar (D:11)
  2 two-headed ogres
  An unseen horror (D:10)
  The ghost of Kairos the Chopper, a novice VSFi of Uskayaw (D:6)
  A worldbinder (Abyss:1)
  4 ugly things (D:11)
  Joseph (D:7)
  2 centaur zombies
  A kobold demonologist (D:8)
  A hornet (D:11)
  Grinder (D:3)
  2 hippogriffs
  A shadow (D:11)
  A human (D:7)
  4 hogs (D:7)
  Eustachio (D:4)
  3 yaks (D:11)
  A golden eye (Abyss:1)
  A soldier ant (D:11)
  Duvessa (D:7)
  4 orc warriors
  A hornet zombie (D:7)
  2 ice beasts (D:8)
  A black bear (D:11)
  5 sky beasts
  4 ogres
  An eye of draining (D:9)
  A necrophage (D:10)
  5 centaurs
  6 big kobolds (D:8)
  5 bullfrogs
  6 scorpions
  Dowan (D:7)
  10 killer bees
  7 wights
  2 vampire bats (D:8)
  4 howler monkeys
  5 crimson imps
  A bullfrog zombie (D:8)
  6 hounds
  3 jellies
  3 centaur skeletons
  4 orc priests
  2 bullfrog skeletons
  Ijyb (D:3)
  Natasha (twice) (D:2)
  Terence (D:3)
  2 iguanas
  3 orc wizards
  11 worker ants
  A killer bee zombie (D:6)
  A hound skeleton (D:10)
  2 worker ant zombies
  A mummy (D:6)
  Robin (D:3)
  3 gnolls
  10 adders
  A shadow imp (D:5)
  2 oozes (D:3)
  An adder zombie (D:8)
  5 adder skeletons
  A worm (D:2)
  6 dart slugs
  10 leopard geckos
  29 orcs
  7 bats
  A bat skeleton (D:8)
  3 bat zombies (D:8)
  6 giant cockroaches
  18 goblins
  11 hobgoblins
  22 jackals
  13 kobolds
  2 quokkas (D:6)
  4 ball pythons
  8 frilled lizards
  2 goblin zombies (D:6)
  A leopard gecko skeleton (D:7)
  A leopard gecko zombie (D:6)
  9 rats
322 creatures vanquished.

Vanquished Creatures (collateral kills)
  A gargoyle (D:10)
  A troll (D:11)
  A hippogriff (D:9)
  4 yaks (D:11)
  2 golden eyes (Abyss:1)
  A neqoxec (Abyss:1)
  An orc warrior (D:7)
  An ice beast (D:10)
  2 bullfrogs
  A wight (D:8)
  3 killer bees (D:7)
  A quasit (D:8)
  A hound (D:11)
  An orc priest (D:8)
  4 orc wizards
  A hound zombie (D:5)
  2 gnolls (D:8)
  An adder (D:10)
  A leopard gecko (D:7)
  3 orcs
  2 kobolds (D:8)
  A quokka (D:8)
  A ball python (D:7)
37 creatures vanquished.

Vanquished Creatures (others)
  3 knights
  2 ancestors
5 creatures vanquished.

Grand Total: 364 creatures vanquished

Notes
Turn   | Place    | Note
-------+----------+-------------------------------------------
     0 | D:1      | Mrkaede the Centaur Hunter began the quest for the Orb.
     0 | D:1      | Reached XP level 1. HP: 17/17 MP: 1/1
    28 | D:1      | Reached XP level 2. HP: 24/24 MP: 2/2
   606 | D:1      | Reached XP level 3. HP: 30/30 MP: 3/3
   880 | D:2      | Reached skill level 1 in Stealth
  1322 | D:2      | Noticed Natasha
  1628 | D:2      | Killed Natasha
  1628 | D:2      | Reached XP level 4. HP: 29/37 MP: 4/4
  1635 | D:2      | Noticed Natasha
  1750 | D:2      | Killed Natasha
  1921 | D:2      | Reached skill level 6 in Bows
  2226 | D:3      | Noticed Terence
  2246 | D:3      | Killed Terence
  2246 | D:3      | Reached skill level 1 in Short Blades
  2246 | D:3      | Reached XP level 5. HP: 26/44 MP: 5/5
  2281 | D:3      | Found a stormy altar of Qazlal.
  2932 | D:3      | Noticed Robin
  2960 | D:3      | Killed Robin
  3162 | D:3      | Noticed Ijyb
  3169 | D:3      | Paralysed by Ijyb for 7 turns
  3187 | D:3      | Paralysed by Ijyb for 2 turns
  3193 | D:3      | Paralysed by Ijyb for 2 turns
  3203 | D:3      | Killed Ijyb
  3203 | D:3      | Reached skill level 1 in Armour
  3292 | D:3      | Noticed Grinder
  3320 | D:3      | Reached XP level 6. HP: 43/51 MP: 6/6
  3339 | D:3      | Killed Grinder
  3939 | D:4      | Reached XP level 7. HP: 56/58 MP: 7/7
  4044 | D:4      | Found a sacrificial altar of Ru.
  4044 | D:4      | Noticed Eustachio
  4518 | D:4      | Killed Eustachio
  4518 | D:4      | Reached skill level 7 in Bows
  4948 | D:5      | Entered Level 5 of the Dungeon
  5056 | D:5      | Reached XP level 8. HP: 49/67 MP: 6/8
  5456 | D:5      | Found a staircase to the Ecumenical Temple.
  5494 | Temple   | Entered the Ecumenical Temple
  5575 | Temple   | Became a worshipper of Hepliaklqana the Forgotten
  5603 | D:5      | Reached skill level 1 in Long Blades
  5855 | D:5      | Reached skill level 8 in Bows
  6325 | D:5      | Reached skill level 5 in Fighting
  6428 | D:5      | Got a smelly leather armour
  6439 | D:5      | Identified the +1 leather armour of Baqimm {rN+ Dex+3} (You
                  | found it on level 5 of the Dungeon)
  6598 | D:6      | Found a runed translucent gate.
  6598 | D:6      | Found a runed translucent gate.
  6617 | D:6      | Found a sand-covered staircase.
  6680 | D:6      | Reached * piety under Hepliaklqana
  6898 | D:6      | Noticed Kairos's ghost (novice VSFi)
  6923 | D:6      | Found a runed translucent gate.
  7365 | D:6      | Found a hide-covered altar of Uskayaw.
  7373 | D:6      | Found a sparkling altar of Nemelex Xobeh.
  7459 | D:6      | Killed Kairos's ghost
  7459 | D:6      | Reached XP level 9. HP: 67/67 MP: 9/9
  7534 | D:7      | Reached skill level 9 in Bows
  7556 | D:7      | Got a translucent rapier
  7566 | D:7      | Identified the +8 rapier of Qafuzxeg {pierce, rF- Int+7}
                  | (You found it on level 7 of the Dungeon)
  7739 | D:7      | Noticed Joseph
  7747 | D:7      | Killed Joseph
  7841 | D:7      | Got a smoking rapier
  7842 | D:7      | Identified the +0 rapier "Haoqeot" {venom, rElec rPois}
                  | (You found it on level 7 of the Dungeon)
  7986 | D:7      | Noticed Dowan
  7993 | D:7      | Killed Dowan
  8053 | D:7      | Noticed Duvessa
  8079 | D:7      | Killed Duvessa
  8577 | D:7      | Reached skill level 5 in Dodging
  8584 | D:7      | Reached skill level 10 in Bows
  8756 | D:7      | Reached XP level 10. HP: 68/75 MP: 10/10
  8855 | D:7      | Reached ** piety under Hepliaklqana
  8870 | D:7      | Remembered your ancestor Necuametl as a knight
  9975 | D:8      | Found a staircase to the Lair.
 10142 | D:8      | Got a smoking iron amulet
 10160 | D:8      | Identified the amulet of Nyqew {+Rage Dex+4} (You found it
                  | on level 8 of the Dungeon)
 10378 | D:8      | Gained mutation: Potions are less effective at restoring
                  | your health. [a neqoxec]
 10384 | D:8      | Reached skill level 5 in Stealth
 10385 | D:8      | Noticed a soul eater
 10395 | D:8      | Noticed a soul eater
 10705 | D:8      | Found an ancient bone altar of Kikubaaqudgha.
 10946 | D:9      | Reached skill level 11 in Bows
 10994 | D:9      | Noticed a two-headed ogre
 11005 | D:9      | Killed a two-headed ogre
 11053 | D:9      | Found an iron altar of Okawaru.
 11203 | D:9      | Reached XP level 11. HP: 84/84 MP: 11/11
 11448 | D:9      | Found an iron altar of Okawaru.
 11448 | D:9      | Found a blossoming altar of Fedhas.
 11454 | D:9      | Found an opulent altar of Gozag.
 11456 | D:9      | Found a radiant altar of Vehumet.
 11458 | D:9      | Found a sacrificial altar of Ru.
 11514 | D:10     | Entered Level 10 of the Dungeon
 11750 | D:10     | Found a staircase to the Orcish Mines.
 11800 | D:10     | Killed an unseen horror
 12034 | D:10     | Noticed a two-headed ogre
 12074 | D:10     | Found Goipetax's Food Emporium.
 12087 | D:10     | Killed a two-headed ogre
 12511 | D:10     | Got a slimy ring mail
 12822 | D:11     | Noticed a brown ugly thing
 12837 | D:11     | Killed a brown ugly thing
 13152 | D:11     | Noticed Fannar
 13602 | D:11     | Noticed a purple ugly thing
 13700 | D:11     | Killed a purple ugly thing
 13871 | D:11     | Noticed a purple ugly thing
 13874 | D:11     | Reached skill level 12 in Bows
 13888 | D:11     | Killed a purple ugly thing
 13991 | D:11     | Reached *** piety under Hepliaklqana
 14180 | D:11     | Noticed a red ugly thing
 14235 | D:11     | Killed a red ugly thing
 14714 | D:11     | Killed Fannar
 14714 | D:11     | Reached XP level 12. HP: 52/93 MP: 12/12
 14933 | D:11     | Identified the +2 ring mail "Dyriqeim" {-Tele rC+ Int+4
                  | Dex-5} (You found it on level 10 of the Dungeon)
 14986 | D:12     | Noticed Sonja
 14995 | D:12     | Cast into level 1 of the Abyss (Sonja)
 15003 | Abyss:1  | Found a corrupted altar of Lugonu.
 15042 | Abyss:1  | Gained mutation: You are clumsy. (Dex -2) [a neqoxec]
 15092 | Abyss:1  | HP: 3/93 [raiju/living lightning (17)]
 15093 | Abyss:1  | Killed from afar by a raiju

Skill      XL: |  1  2  3  4  5  6  7  8  9 10 11 12 |
---------------+-------------------------------------+-----
Stealth        | 1 2 3 4 5 6 |  6.4
Dodging        | 2 3 4 5 6 7 |  7.0
Bows           | 6 7 8 10 11 12 | 12.5
Short Blades   | 1 2 3 4 |  4.9
Fighting       | 3 4 5 6 7 9 |  9.3
Armour         | 1 2 3 4 |  4.6
Long Blades    | 2 |  2.1

Action                   |  1- 3 |  4- 6 |  7- 9 | 10-12 || total
-------------------------+-------+-------+-------+-------++-------
Melee: Short sword       |    87 |   173 |    34 |       ||   294
       Kick              |    20 |    35 |    77 |    67 ||   199
       Falchion          |       |       |   126 |       ||   126
       Rapier            |       |       |    92 |   233 ||   325
 Fire: Shortbow          |    49 |    94 |   154 |   384 ||   681
       Longbow           |       |       |       |     5 ||     5
Throw: Tomahawk          |       |     2 |     9 |       ||    11
Invok: Recall Ancestor   |       |       |     5 |     8 ||    13
       Ancestor Life: Kn |       |       |       |     1 ||     1
Evoke: Wand              |       |       |       |     2 ||     2
  Use: Scroll            |     4 |     2 |    16 |    11 ||    33
       Potion            |     1 |       |       |     7 ||     8
 Stab: Distracted        |       |       |     1 |     3 ||     4
       Sleeping          |       |       |     1 |     3 ||     4
  Eat: Chunk             |     1 |     6 |     6 |     6 ||    19
       Ration            |       |       |     2 |     4 ||     6
Armor: Leather armour    |     7 |       |    62 |   151 ||   220
       Scale mail        |    49 |   174 |   108 |       ||   331
Dodge: Dodged            |    36 |    59 |   118 |   180 ||   393
       Rpst.: Falchion   |       |       |    11 |       ||    11
